 Dungeon Crawl Stone Soup version 0.30.1-10-g1249ef9ec4 (webtiles) character file.

Game seed: 12125569809395584488

11424 fireball365 the Basher (level 11, -5/97 HPs)
             Began as a Hill Orc Fighter on Oct 26, 2023.
             Was an Initiate of Gozag.
             Slain by an ettin
             ... wielding a +0 dire flail
              (31 damage)
             ... on level 11 of the Dungeon.
             The game lasted 00:23:21 (10068 turns).

fireball365 the Basher (Hill Orc Fighter)          Turns: 10068, Time: 00:23:24

Health: -5/97      AC: 20    Str: 24    XL:     11   Next: 77%
Magic:  11/11      EV:  8    Int:  8    God:    Gozag
Gold:   1241       SH:  6    Dex: 12    Spells: 10/10 levels left

rFire   . . .        t - +12 hammer "Uschoriy" {holy, Dex+2}
rCold   . . .        c - +0 buckler
rNeg    + . .        F - +0 plate armour
rPois   .            (no helmet)
rElec   .            g - +0 cloak
rCorr   .            x - +0 pair of gloves
SInv    .            K - +1 pair of boots {rampage}
Will    .....        D - amulet of regeneration Stlth
                     s - ring of positive energy
HPRegen 1.16/turn    (no ring)
MPRegen 0.12/turn

%: rampage
@: no status effects
A: no striking features
a: Renounce Religion, Potion Petition, Call Merchant, Bribe Branch


You were on level 11 of the Dungeon.
You worshipped Gozag.
Gozag was most pleased with you.
You visited 2 branches of the dungeon, and saw 13 of its levels.

You collected 1348 gold pieces.
You paid 107 gold pieces to Gozag.

Inventory:

Hand Weapons
 a - a +0 war axe
 t - the +12 hammer "Uschoriy" (weapon) {holy, Dex+2}
   (You found it on level 3 of the Dungeon)

   Dex:       It affects your dexterity (+2).
Missiles
 q - 6 silver boomerangs (quivered)
 H - 2 throwing nets
Armour
 c - a +0 buckler (worn)
 e - a +0 pair of boots
 g - a +0 cloak (worn)
 x - a +0 pair of gloves (worn)
 F - a +0 plate armour (worn)
 K - a +1 pair of boots of rampaging (worn)
Jewellery
 i - an amulet of the acrobat
 s - a ring of positive energy (left hand)
 D - an amulet of regeneration (around neck)
 L - a +6 ring of dexterity
 M - a ring of willpower
Wands
 w - a wand of polymorph (7)
 C - a wand of paralysis (27)
 E - a wand of mindburst (22)
 G - a wand of light (7)
 I - a wand of roots (9)
 J - a wand of flame (6)
Scrolls
 b - 3 scrolls of magic mapping
 f - 3 scrolls of teleportation
 k - 5 scrolls of fear
 l - a scroll of poison
 o - a scroll of vulnerability
 p - 2 scrolls of enchant armour
 r - 2 scrolls of noise
 y - 2 scrolls of amnesia
Potions
 d - 2 potions of might
 h - 5 potions of brilliance
 m - 4 potions of curing
 n - a potion of cancellation {unknown}
 u - a potion of flight {unknown}
 v - a potion of resistance {unknown}
 z - 2 potions of attraction
 A - 3 potions of lignification
 B - a potion of berserk rage {unknown}


   Skills:
 + Level 9.5 Fighting
 + Level 5.9(11.0) Axes
 + Level 12.1(12.5) Maces & Flails
 + Level 10.6 Armour
 + Level 2.7 Dodging
 + Level 2.3 Stealth
 + Level 7.6 Shields


You had 10 spell levels left.
You didn't know any spells.
Your spell library contained the following spells:

 Spells                   Type           Power      Damage    Failure   Level
 Apportation              Tloc           0%         N/A       99%         1
 Magic Dart               Conj           0%         1d3       99%         1
 Call Imp                 Summ           0%         N/A       100%        2
 Hailstorm                Conj/Ice       0%         3d3       100%        3
 Mephitic Cloud           Conj/Pois/Air  0%         N/A       100%        3
 Volatile Blastmotes      Fire/Tloc      0%         2d10      100%        3
 Fulminant Prism          Conj/Hex       0%         3d5       100%        4
 Ice Form                 Ice/Tmut       0%         N/A       100%        4
 Iskenderun's Mystic Bla  Conj/Tloc      0%         2d3       100%        4
 Alistair's Intoxication  Tmut/Pois      0%         N/A       100%        5
 Lee's Rapid Deconstruct  Erth           0%         3d4*      100%        5
 Summon Forest            Summ/Tloc      0%         N/A       100%        5
 Summon Mana Viper        Hex/Summ       0%         N/A       100%        5
 Summon Cactus Giant      Summ           0%         N/A       100%        6
 Simulacrum               Ice/Necr       Unusable   N/A       N/A         6

Dungeon Overview and Level Annotations

Branches:
Dungeon (12/15)            Temple (1/1) D:7            Lair (0/5) D:10
    Orc (0/2) D:11

Altars:
Ashenzari
Cheibriados
Dithmenos
Elyvilon
Fedhas
Gozag
Hepliaklqana
Kikubaaqudgha
Makhleb
Nemelex Xobeh
Okawaru
Qazlal
Ru
Sif Muna
Trog
Uskayaw
Wu Jian
Xom
Yredelemnul
Zin
The Shining One

Shops:
D:2 :   D:8 [

Annotations:
D:11 monsoonserge's ghost, journeyman DrCj
Temple 2 transporters


Message History

You feel much better. The ettin closely misses you.
The ettin barely misses you.
As you read the scroll of teleportation, it crumbles to dust.
You feel strangely unstable.
The ettin hits you with a +0 dire flail!!
* * * LOW HITPOINT WARNING * * *
You block the ettin's attack.
You feel much better.
The ettin hits you with a +0 dire flail!
* * * LOW HITPOINT WARNING * * *
The ettin hits you but does no damage.
You feel better.
The ettin hits you with a +0 dire flail!!
* * * LOW HITPOINT WARNING * * *
The ettin barely misses you.
You feel better.
Your surroundings suddenly seem different.
There is a stone staircase leading up here.
Things that are here:
a +0 short sword; a +0 chain mail
Items here: ( )) [.
You rampage towards the ettin!
You hit the ettin.
The ettin is lightly wounded.
The ettin hits you with a +0 dire flail! x2
You thump the ettin!
The ettin is moderately wounded.
The ettin hits you with a +0 dire flail!!
You block the ettin's attack.
You hit the ettin.
The ettin is moderately wounded.
You sock the ettin!
The ettin is heavily wounded.
The ettin hits you but does no damage. The ettin barely misses you.
You hit the ettin.
The ettin is heavily wounded.
The ettin hits you with a +0 dire flail!!
* * * LOW HITPOINT WARNING * * *
The ettin hits you with a +0 dire flail!!
You die...
Your body crumbles into a pile of gold.

#.##.#.#......##.......####....
######.#.#.#......######......###
.......#......#.#.# #.........
.########.##....#.# #.###..##.
...# #.##..###.######.#.....#.
##.### #.##.W###.#....#.#.#...#.
.....####.......#.#.##.#.#.......
.##.<...#######.#...##.#.#####...
................@C...........>###
.####.....#####.####.#######..#..
.# ##.#..............#...[.#..##.
.###....##..####.#####.###.#..##.
.#....#.###....#.#####.# #.##.##.
.#.#.#....#..#...)..##.###.##.###
.#.............))).......#.##.#
.####.#....#.....)..##.#......#
.# #......#)#.......#.#......#


You could see an ettin and monsoonserge's ghost.

Vanquished Creatures
  A two-headed ogre (D:11)
  An ugly thing (D:11)
  A cyclops (D:11)
  Joseph (D:7)
  Maggie (D:7)
  A komodo dragon (D:10)
  A freezing wraith (D:11)
  A hornet (D:8)
  2 trolls
  3 slime creatures (D:12)
  A wraith (D:10)
  22 yaks
  A steam dragon (D:4)
  2 vampire mosquitoes (D:11)
  Menkaure (D:4)
  2 water moccasins
  An acid dragon (D:10)
  2 black bears
  3 orc warriors
  An ogre (D:7)
  2 sky beasts
  An ice beast (D:7)
  7 centaurs
  A kobold brigand (D:6)
  Blork the orc (D:4)
  4 bullfrogs
  A scorpion (D:5)
  7 wights
  4 killer bees (D:10)
  3 howler monkeys
  An electric eel (D:10)
  5 jellies
  4 orc priests
  9 hounds
  Crazy Yiuf (D:3)
  5 iguanas
  Natasha (twice) (D:4)
  6 orc wizards
  3 gnolls (D:3)
  13 adders
  2 shadow imps
  2 white imps
  An ufetubus (D:5)
  2 worms
  4 dart slugs
  43 orcs
  9 ball pythons
  6 bats
  7 endoplasms
  4 giant cockroaches
  5 goblins
  8 hobgoblins
  5 quokkas
  A frilled lizard (D:2)
  7 kobolds
  9 rats
244 creatures vanquished.

Notes
Turn   | Place    | Note
-------+----------+-------------------------------------------
     0 | D:1      | fireball365 the Hill Orc Fighter began the quest for the
                  | Orb.
     0 | D:1      | Reached XP level 1. HP: 19/19 MP: 1/1
   108 | D:1      | Reached XP level 2. HP: 27/27 MP: 2/2
   698 | D:2      | Reached XP level 3. HP: 30/33 MP: 3/3
   698 | D:2      | Found Ewnyhiff's Book Shoppe.
   893 | D:2      | Identified the +2 ring mail of Waev {+Blink rPois rN+++
                  | Slay-3}
  1018 | D:2      | Reached XP level 4. HP: 32/40 MP: 4/4
  1722 | D:3      | Reached XP level 5. HP: 36/46 MP: 5/5
  1973 | D:3      | Found a faded altar of an unknown god.
  2075 | D:3      | Found a runed translucent door.
  2076 | D:3      | Noticed Crazy Yiuf
  2086 | D:3      | Killed Crazy Yiuf
  2089 | D:3      | Identified the +12 hammer "Uschoriy" {holy, Dex+2}
  2404 | D:3      | Reached skill level 5 in Axes
  2702 | D:4      | Noticed a black bear
  2712 | D:4      | Killed a black bear
  2713 | D:4      | Reached skill level 1 in Maces & Flails
  2713 | D:4      | Reached skill level 1 in Dodging
  2713 | D:4      | Reached XP level 6. HP: 48/53 MP: 6/6
  2785 | D:4      | Noticed Menkaure
  2787 | D:4      | Noticed Natasha
  2791 | D:4      | HP: 1/53 [Natasha (8)]
  2792 | D:4      | Killed Menkaure
  2793 | D:4      | Reached skill level 2 in Maces & Flails
  2793 | D:4      | Reached skill level 5 in Shields
  2793 | D:4      | Reached XP level 7. HP: 2/60 MP: 7/7
  2798 | D:4      | Killed Natasha
  3003 | D:4      | Found a stormy altar of Qazlal.
  3101 | D:4      | Found an ornate altar of the Wu Jian Council.
  3151 | D:4      | Noticed a steam dragon
  3162 | D:4      | Killed a steam dragon
  3163 | D:4      | Reached skill level 5 in Fighting
  3163 | D:4      | Reached skill level 3 in Maces & Flails
  3232 | D:4      | Noticed Blork the orc
  3241 | D:4      | Killed Blork the orc
  3480 | D:4      | Reached XP level 8. HP: 68/68 MP: 8/8
  3554 | D:4      | Noticed Natasha
  3566 | D:4      | Killed Natasha
  3567 | D:4      | Reached skill level 4 in Maces & Flails
  3688 | D:5      | Entered Level 5 of the Dungeon
  3762 | D:5      | Found a bloodstained altar of Trog.
  3916 | D:5      | Reached skill level 5 in Armour
  4135 | D:5      | Reached skill level 5 in Maces & Flails
  4407 | D:5      | Found a blossoming altar of Fedhas.
  4769 | D:6      | Reached skill level 6 in Maces & Flails
  4772 | D:6      | Reached XP level 9. HP: 26/75 MP: 9/9
  5229 | D:7      | Noticed Joseph
  5242 | D:7      | Killed Joseph
  5243 | D:7      | Reached skill level 7 in Maces & Flails
  5243 | D:7      | Reached skill level 1 in Stealth
  5459 | D:7      | Found a staircase to the Ecumenical Temple.
  5483 | Temple   | Entered the Ecumenical Temple
  5483 | Temple   | Found a transporter.
  5483 | Temple   | Found a transporter.
  5485 | Temple   | Found a transporter.
  5485 | Temple   | Found a transporter.
  5502 | Temple   | Became a worshipper of Gozag Ym Sagoz the Greedy
  5586 | D:7      | Noticed Maggie
  5596 | D:7      | Killed Maggie
  5644 | D:7      | Reached skill level 8 in Maces & Flails
  6126 | D:8      | Noticed a hornet
  6134 | D:8      | Killed a hornet
  6135 | D:8      | Reached XP level 10. HP: 58/84 MP: 10/10
  6233 | D:8      | Found Foge's Armour Shop.
  6482 | D:8      | Reached skill level 9 in Maces & Flails
  7023 | D:9      | Found a burning altar of Makhleb.
  7038 | D:9      | Identified the +7 great sword of Tenacity {pain, +Blink
                  | Will- SInv}
  7385 | D:9      | Reached skill level 10 in Maces & Flails
  7385 | D:9      | HP: 3/88 [yak (8)]
  8010 | D:10     | Entered Level 10 of the Dungeon
  8223 | D:10     | Reached XP level 11. HP: 90/94 MP: 11/11
  8438 | D:10     | Found a staircase to the Lair.
  8509 | D:10     | Reached skill level 11 in Maces & Flails
  8509 | D:10     | Reached skill level 10 in Armour
  9061 | D:11     | Noticed a cyclops
  9068 | D:11     | Killed a cyclops
  9087 | D:11     | You fall into a shaft and drop 1 floor!
  9208 | D:11     | Found a staircase to the Orcish Mines.
  9209 | D:11     | Noticed a two-headed ogre
  9227 | D:11     | Killed a two-headed ogre
  9502 | D:11     | Reached skill level 12 in Maces & Flails
  9581 | D:11     | Noticed a cyan ugly thing
  9588 | D:11     | Killed a cyan ugly thing
  9799 | D:11     | Found a runed translucent door.
  9800 | D:11     | Noticed monsoonserge's ghost (journeyman DrCj)
  9800 | D:11     | Noticed an ettin
  9984 | D:11     | HP: 4/97 [ettin/+0 dire flail (27)]
 10068 | D:11     | Slain by an ettin

Illustrated notes

Levels and vault maps discovered:
D:1:      matt_arrival_refuge, layout_basic
D:2:      layout_rooms, serial_shops, nicolae_book_shop_shelving,
          serial_bayou_pond_b, nicolae_half_adder
D:3:      layout_basic, shapermc_ecumenical_altar_hornbeckon,
          uniq_crazy_yiuf_cottage
D:4:      layout_loops_ring, nicolae_qazlal_beasts_of_the_sky,
          mainiacjoe_overflow_24_doors, minmay_misc_feat_iff, uniq_menkaure,
          uniq_natasha, uniq_blork_the_orc
D:5:      layout_basic, kennysheep_little_box, lemuel_doored_altar
D:6:      layout_basic
D:7:      layout_loops_ring, minmay_temple_entry_slanted, uniq_maggie,
          uniq_joseph
D:8:      layout_loops_ring, nicolae_take_the_stairs
D:9:      layout_basic, mainiacjoe_overflow_cross_hatched,
          nicolae_straight_to_the_point
D:10:     layout_basic, erik_lair_island
D:11:     layout_basic, david_orc_2, ebering_ghost_inner_flame
D:12:     layout_stronghold, serial_shops, shop, shop, nicolae_diamond_shop
Temple:   hellmonk_temple_divided_pantheon

Skill      XL: |  1  2  3  4  5  6  7  8  9 10 11 |
---------------+----------------------------------+-----
Axes           | 3 4 5 |  5.9
Fighting       | 4 5 6 8 9 |  9.5
Shields        | 4 5 6 7 |  7.6
Armour         | 4 6 7 9 10 | 10.6
Maces & Flails | 1 2 3 6 8 10 12 | 12.1
Dodging        | 1 2 |  2.7
Stealth        | 1 2 |  2.3

Action                     |  1- 3 |  4- 6 |  7- 9 | 10-12 || total
---------------------------+-------+-------+-------+-------++-------
  Melee: War axe           |    85 |    97 |       |       ||   182
         Mace              |       |    36 |   205 |   315 ||   556
    Use: Scroll            |     1 |     3 |     9 |     4 ||    17
         Potion            |       |       |     1 |     7 ||     8
   Stab: Distracted        |       |       |     1 |     1 ||     2
 Armour: Scale mail        |    23 |       |       |       ||    23
         Ring mail         |    53 |    22 |       |       ||    75
         Chain mail        |       |    87 |   102 |       ||   189
         Plate armour      |       |       |    77 |   213 ||   290
  Dodge: Dodged            |    78 |    96 |    89 |   125 ||   388
  Block: Buckler           |    42 |    67 |    63 |    95 ||   267
